 Dungeon Crawl Stone Soup version 0.21.1-1-g345015fe64 (webtiles) character file.

25 Gargoyl the Skirmisher (level 2, -3/26 HPs)
             Began as a Centaur Abyssal Knight on July 11, 2018.
             Was a Follower of Lugonu.
             Slain by Terence
             ... wielding a +0 trident
              (8 damage)
             ... on level 2 of the Dungeon.
             The game lasted 00:02:37 (1110 turns).

Gargoyl the Skirmisher (Centaur Abyssal Knight)     Turns: 1110, Time: 00:02:37

Health: -3/26      AC:  5    Str: 14    XL:     2   Next: 82%
Magic:  3/3        EV:  8    Int:  9    God:    Lugonu [*.....]
Gold:   99         SH:  0    Dex: 10    Spells: 1/1 levels left

rFire    + . .     SeeInvis .   a - +1 hand axe
rCold    . . .     Gourm    .   (no shield)
rNeg     . . .     Faith    .   g - +0 ring mail
rPois    .         Spirit   .   (no helmet)
rElec    .         Reflect  .   (no cloak)
rCorr    .         Harm     .   (no gloves)
MR       .....                  (no barding)
Stlth    ..........             (no amulet)
HPRegen  0.08/turn              (no ring)
MPRegen  0.08/turn              (no ring)

@: very slightly contaminated, invisible, very quick
A: large, hooves 3, agile 1, deformed body, dopey 1, fire resistance 1, speed 2,
screaming 1, tough skin 3
a: Depart the Abyss, Renounce Religion


You were on level 2 of the Dungeon.
You worshipped Lugonu.
Lugonu was aware of your devotion.
You were not hungry.

You visited 1 branch of the dungeon, and saw 2 of its levels.
You visited the Abyss 1 time.

You collected 99 gold pieces.

Inventory:

Hand Weapons
 a - a +1 hand axe (weapon)
Armour
 g - a +0 ring mail (worn)
Potions
 e - a potion of invisibility
Comestibles
 c - 2 rations


   Skills:
 + Level 3.5 Fighting
 + Level 1.9 Axes
 * Level 1.7 Armour
 + Level 0.7 Dodging
 * Level 2.3 Invocations


You had one spell level left.
You didn't know any spells.

Dungeon Overview and Level Annotations

Branches:
Dungeon (2/15)

Altars:

Annotations:
D:2 Terence


Innate Abilities, Weirdness & Mutations

You have hooves in place of feet.
Armour fits poorly on your strangely shaped body.
You cover ground very quickly.
You have extremely tough skin. (AC +3)
You are agile. (Dex +2)
You are dopey. (Int -2)
Your flesh is heat resistant. (rF+)
You occasionally shout uncontrollably at your foes.


Message History

Terence hits you with a trident.
* * * LOW HITPOINT WARNING * * *
Unknown command.
You hit Terence but do no damage. Terence barely misses you.
Terence hits you with a trident.
* * * LOW HITPOINT WARNING * * *
Unknown command.
You hit Terence. You kick Terence.
Terence is moderately wounded.
Terence barely misses you.
Unknown command.
You catch the helpless Terence completely off-guard!
You hit Terence but do no damage.
Terence is moderately wounded.
Terence barely misses you.
Unknown command.
You barely miss Terence. Your kick misses Terence.
Terence is moderately wounded.
Terence hits you with a trident!
You die...

#....######...#
+....'........#
##....#####....####
+..............'..+
############†..####
#)### ### #..#
#....###.##
......@@†.#
........#.#
........#.#
........#l#
#..........
.......###. ##.....
.# #.....


You could see Terence.

Vanquished Creatures
  2 leopard geckos (D:1)
  A giant cockroach (D:1)
  A goblin (D:1)
  A hobgoblin (D:1)
  5 kobolds
  A quokka (D:2)
  6 bats (D:1)
  3 frilled lizards
  2 rats (D:1)
22 creatures vanquished.

Notes
Turn   | Place    | Note
-------+----------+-------------------------------------------
     0 | Abyss:1  | Gargoyl the Centaur Abyssal Knight began the quest for the Orb.
     0 | Abyss:1  | Reached XP level 1. HP: 19/19 MP: 2/2
    59 | Abyss:1  | Gained mutation: You are agile. (Dex +2) [potion of mutation]
    59 | Abyss:1  | Gained mutation: You occasionally shout uncontrollably at your foes. [potion of mutation]
    59 | Abyss:1  | Gained mutation: You are dopey. (Int -2) [potion of mutation]
    59 | Abyss:1  | Gained mutation: Your flesh is heat resistant. (rF+) [potion of mutation]
    73 | Abyss:1  | Noticed an orange demon
    73 | Abyss:1  | Noticed a worldbinder
    74 | D:1      | Escaped the Abyss
   263 | D:1      | Reached XP level 2. HP: 13/26 MP: 3/3
   341 | D:1      | Reached * piety under Lugonu
  1094 | D:2      | Noticed Terence
  1110 | D:2      | Slain by Terence

Action                   || total
-------------------------++-------
Melee: Hand axe          ||    70
       Kick              ||    14
Invok: Depart the Abyss  ||     1
  Use: Potion            ||     4
       Scroll            ||     4
 Stab: Invisible         ||     2
Armor: Leather armour    ||    18
       Ring mail         ||    39
Dodge: Dodged            ||    56
